 Dungeon Crawl Stone Soup version 0.30-a0-414-gcb316572d5 (webtiles) character file.

Game seed: 3335421431750356708

506 Lobster4 the Magician (level 6, 0/35 HPs)
             Began as a Deep Elf Earth Elementalist on Dec 7, 2022.
             Slain by a shadow (3 damage)
             ... on level 5 of the Dungeon.
             The game lasted 00:12:23 (4316 turns).

Lobster4 the Magician (Deep Elf Earth Elementalist) Turns: 4316, Time: 00:12:23

Health: 0/35       AC:  5    Str:  5    XL:     6   Next: 97%
Magic:  8/15       EV: 13    Int: 22    God:
Gold:   215        SH:  5    Dex: 15    Spells: 8/14 levels left

rFire   . . .      SeeInvis .    a - staff of conjuration
rCold   . . .      Faith    .    (no shield)
rNeg    . . .      Spirit   .    p - +0 robe
rPois   .          Reflect  +    x - +0 helmet
rElec   .          Harm     .    (no cloak)
rCorr   +          Rampage  .    J - +0 pair of gloves
Will    .....                    z - +0 pair of boots
Stlth   ++........               k - amulet of reflection
HPRegen 0.25/turn                C - ring of resist corrosion
MPRegen 0.14/turn                l - ring of wizardry

@: mighty
A: no striking features
a: no special abilities


You were on level 5 of the Dungeon.
You visited 1 branch of the dungeon, and saw 5 of its levels.

You collected 215 gold pieces.

Inventory:

Hand Weapons
 d - a +0 dagger
 v - a +2 whip of electrocution
 y - a +0 long sword of holy wrath
 A - a +0 rapier
 E - a +0 quarterstaff
Missiles
 f - 2 boomerangs
 D - 6 poisoned darts
 G - 5 javelins
Armour
 p - a +0 robe (worn)
 x - a +0 helmet (worn)
 z - a +0 pair of boots (worn)
 J - a +0 pair of gloves (worn)
Magical Staves
 a - a staff of conjuration (weapon)
Jewellery
 k - an amulet of reflection (around neck)
 l - a ring of wizardry (right hand)
 C - a ring of resist corrosion (left hand)
 F - a ring of ice
 H - a ring of fire
Scrolls
 c - a scroll of blinking {unknown}
 e - a scroll of enchant weapon {unknown}
 g - a scroll of enchant armour {unknown}
 o - 2 scrolls of noise
 r - a scroll of summoning {unknown}
 t - a scroll of magic mapping {unknown}
 u - a scroll of vulnerability {unknown}
 w - a scroll of immolation {unknown}
 B - a scroll of torment {unknown}
 L - a scroll of fear {unknown}
Potions
 b - a potion of magic
 h - a potion of heal wounds {unknown}
 i - 2 potions of attraction {unknown}
 j - 5 potions of curing {unknown}
 m - a potion of berserk rage
 n - a potion of haste
 q - 2 potions of might
 s - 2 potions of lignification
 I - a potion of flight {unknown}


   Skills:
 + Level 2.1 Fighting
 - Level 1.0 Staves
 - Level 1.0 Throwing
 + Level 2.1 Armour
 - Level 3.0 Dodging
 - Level 3.0 Stealth
 + Level 4.8 Spellcasting
 + Level 1.5 Conjurations
 - Level 3.0 Transmutations
 + Level 4.6 Earth Magic
 + Level 0.9 Evocations


You had 8 spell levels left.
You knew the following spells:

 Your Spells              Type           Power      Damage    Failure   Level
a - Sandblast             Erth           50%        2d12      1%          1
b - Stone Arrow           Conj/Erth      56%        3d10      3%          3
c - Passwall              Tmut/Erth      18%        N/A       1%          2

Your spell library contained the following spells:

 Spells                   Type           Power      Damage    Failure   Level
 Ensorcelled Hibernation  Hex/Ice        10%        N/A       6%          2
 Petrify                  Tmut/Erth      22%        N/A       9%          4
 Swiftness                Air            5%         N/A       12%         3
 Teleport Other           Tloc           5%         N/A       12%         3
 Disjunction              Tloc           2%         N/A       100%        8
 Ignition                 Fire           2%         3d3       100%        8


Dungeon Overview and Level Annotations

Branches:
Dungeon (5/15)             Temple (0/1) D:4

Altars:
Ashenzari
Uskayaw

Shops:
D:4 [

Annotations:
D:4 1 runed translucent door, Crazy Yiuf, Dowan, Duvessa


Message History

Aim: a necrophage (severely damaged, 71% to hit)
You feel a surge of power!
The stone arrow misses the necrophage.
The necrophage misses you.
Casting: Stone Arrow (dangerous; 4% risk of failure)
Confirm with . or Enter, or press ? or * to list all spells.
Aiming: Stone Arrow (dangerous; 4% risk of failure)
Press: ? - help, Shift-Dir - straight line, f/p - necrophage
Aim: a necrophage (severely damaged, 71% to hit)
You feel a surge of power!
The stone arrow hits the necrophage!
You destroy the necrophage!
A wyvern comes into view.
A shadow comes into view.
Found 12 gold pieces.
An adder comes into view.
The wyvern hisses angrily.
Casting: Stone Arrow (dangerous; 3% risk of failure)
Confirm with . or Enter, or press ? or * to list all spells.
Aiming: Stone Arrow (dangerous; 3% risk of failure)
Press: ? - help, Shift-Dir - straight line, f - shadow
Aim: a shadow (71% to hit)
You feel a surge of power!
The stone arrow hits the shadow!
The shadow is severely damaged.
The shadow slips into darkness.
The shadow flickers and vanishes!
Deactivating autopickup; reactivate with Ctrl-A.
As you read the scroll labelled NOBBEPS LIXO, it crumbles to dust.
You hear a loud clanging noise!
It was a scroll of noise.
You hear a shout! x2; You hear an angry hiss.
Something shouts, "Escape, thou plume-plucked flat-headed wagtail!"
You hear a howl!
You hear a shout! x2
The shadow strikes at you from the darkness!
Ouch! That really hurt!
* * * LOW HITPOINT WARNING * * *
Reactivating autopickup.
Okay, then.
It was a potion of might.
You feel very mighty all of a sudden. The shadow hits you.
You die...

#...# #..... .. # ##
##...# #..... ...#.#.##
##....#### #.....
#......###......).# #.....
#..†....#.......# #.....
###.....#.......# ##.....
###.....#..#....# .......
........l#..#....# .#...##
###.....W@...............#
#......#.....#.#.....#..
................# .......
.........#..>S... ......#
.........#.#..... ...#...
.........#...#... #. #.#.
##......### .$.. .......
....... ...# #####. ...


You could see a wyvern, a shadow and an adder.

Vanquished Creatures
  A necrophage (D:5)
  A scorpion (D:4)
  A howler monkey (D:2)
  An orc priest (D:3)
  A jelly (D:5)
  Ijyb (D:3)
  Jessica (D:2)
  An iguana (D:4)
  2 orc wizards (D:3)
  3 gnolls (D:5)
  4 adders
  An ufetubus (D:4)
  3 worms
  2 dart slugs (D:1)
  7 orcs
  6 endoplasms
  6 giant cockroaches
  6 goblins
  6 hobgoblins
  4 jackals
  2 quokkas
  5 ball pythons
  3 bats
  2 frilled lizards
  11 rats
81 creatures vanquished.

Notes
Turn   | Place    | Note
-------+----------+-------------------------------------------
     0 | D:1      | Lobster4 the Deep Elf Earth Elementalist began the quest
                  | for the Orb.
     0 | D:1      | Reached XP level 1. HP: 10/10 MP: 6/6
   145 | D:1      | Reached XP level 2. HP: 15/15 MP: 6/8
   148 | D:1      | Learned a level 2 spell: Passwall
   603 | D:1      | Reached XP level 3. HP: 20/20 MP: 7/9
  1112 | D:2      | Noticed Jessica
  1119 | D:2      | Killed Jessica
  1177 | D:2      | Found a broken altar of Ashenzari.
  1202 | D:2      | Reached skill level 1 in Armour
  1496 | D:2      | Reached XP level 4. HP: 24/24 MP: 9/11
  1649 | D:2      | Reached skill level 1 in Fighting
  1649 | D:2      | Reached skill level 1 in Staves
  1991 | D:3      | Reached XP level 5. HP: 29/29 MP: 7/12
  2186 | D:3      | Noticed Ijyb
  2196 | D:3      | Killed Ijyb
  2197 | D:3      | Reached skill level 1 in Throwing
  2448 | D:3      | Found a faded altar of an unknown god.
  2811 | D:3      | Reached XP level 6. HP: 34/34 MP: 11/14
  2815 | D:3      | Learned a level 3 spell: Stone Arrow
  2958 | D:3      | Found a hide-covered altar of Uskayaw.
  3279 | D:4      | Noticed Duvessa
  3279 | D:4      | Noticed Dowan
  3295 | D:4      | HP: 1/34 [iguana (12)]
  3506 | D:4      | Found a runed translucent door.
  3507 | D:4      | Noticed Crazy Yiuf
  3605 | D:4      | Reached skill level 1 in Conjurations
  3696 | D:4      | Found a staircase to the Ecumenical Temple.
  3708 | D:4      | Got the Handbook of the Flaming Jaunt
  3740 | D:4      | Found Citenno's Armour Shop.
  4044 | D:5      | Entered Level 5 of the Dungeon
  4309 | D:5      | Noticed a wyvern
  4310 | D:5      | Noticed a shadow
  4316 | D:5      | Slain by a shadow

Illustrated notes

Levels and vault maps discovered:
D:1:      minmay_arrival_doors, layout_loops_ring, serial_bayou_lake_a
D:2:      layout_loops_ring, basic_altar, minivault_23, nicolae_wormholes,
          uniq_jessica
D:3:      layout_loops_corners, lemuel_coloured_pillars_altar,
          hellmonk_ecumenical_altar_inner_sanctum, kennysheep_decorative_pillar,
          uniq_ijyb
D:4:      layout_gridville, minmay_temple_entry_offerings, serial_shops, shop,
          uniq_crazy_yiuf_cottage, uniq_duvessa
D:5:      layout_basic, demons_altar, marbit_many_paths

Skill      XL: |  1  2  3  4  5  6 |
---------------+-------------------+-----
Armour         | 1 2 |  2.1
Dodging        | 3 |  3.0
Transmutations | 2 3 |  3.0
Stealth        | 3 |  3.0
Fighting       | 1 2 |  2.1
Staves         | 1 |  1.0
Throwing       | 1 |  1.0
Spellcasting   | 4 |  4.8
Earth Magic    | 4 |  4.6
Conjurations   | 1 |  1.5
Evocations     | |  0.9

Action                   |  1- 3 |  4- 6 || total
-------------------------+-------+-------++-------
Melee: Quarterstaff      |       |     5 ||     5
 Cast: Sandblast         |    42 |    95 ||   137
       Stone Arrow       |       |    10 ||    10
  Use: Scroll            |       |     5 ||     5
       Potion            |       |     1 ||     1
Armor: Robe              |       |     3 ||     3
Dodge: Dodged            |       |    28 ||    28
Block: Other             |       |     9 ||     9

Table legend: (Time is in decaauts)
 A = Elapsed time spent in this place.
 B = Non-inter-level travel time spent in this place.
 C = Inter-level travel time spent in this place.
 D = Time resting spent in this place.
 E = Time spent auto-exploring this place.
 F = Levels seen in this place.
 G = Mean time per level.
                   A        B        C        D        E       F      G
               +--------+--------+--------+--------+--------+-----+--------+
         Total |   4415 |   4297 |    118 |    466 |   3044 |   5 |  883.0 |
       Dungeon |   4415 |   4297 |    118 |    466 |   3044 |   5 |  883.0 |
               +--------+--------+--------+--------+--------+-----+--------+

Top non-repeatable levels by time:
     D:3: 1275 daAuts
     D:2: 1065 daAuts
     D:1: 1050 daAuts
     D:4: 745 daAuts
     D:5: 277 daAuts
